Map: 2000 Atmospheres LE

Players

Namshar - Winner!

  • Race: Zerg Zerg

Nina

  • Race: Protoss Protoss

Event: DreamHack SC2 Masters 2021 Fall

VOD

Have the link to the VOD?

Description

Time

  • Played on: Aug. 3, 2021, 5:19 p.m.
  • Length: 13:25

All games in this series

Show
View Real Time Build Order
Export as new Build Order

Namshar Zerg - Winner!

Build Orders: Hatch First, Lurkers 

Get SALT Encoding   

  12  0:00  Drone  
  13  0:12  Overlord  
  13  0:16  Drone  
  14  0:30  Drone x2  
  16  0:47  Hatchery  
  15  0:51  Drone  
  15  0:54  Drone  
  17  0:57  Drone  
  18  1:09  Extractor  
  17  1:13  Spawning Pool  
  17  1:15  Drone  
  18  1:18  Drone  
  18  1:28  Drone  
  19  1:50  Overlord  
  19  1:59  Queen x2  
  19  2:00  Zergling x4  
  25  2:01  Zergling x2  
  26  2:11  Metabolic Boost  
  26  2:14  Drone  
  26  2:15  Drone  
  28  2:23  Drone x2  
  30  2:33  Drone x2  
  32  2:50  Drone, Overlord, Hatchery  
  32  2:56  Drone  
  32  2:57  Drone  
  34  3:04  Drone  
  35  3:11  Zergling x2  
  35  3:12  Drone x5  
  41  3:17  Drone x2  
  42  3:28  Queen, Overlord  
  43  3:43  Overlord  
  43  3:44  Drone  
  44  3:49  Zergling x4  
  46  3:55  Overlord  
  46  3:56  Overlord  
  46  3:57  Overlord  
  46  4:01  Drone  
  46  4:02  Drone x4  
  51  4:04  Queen x2  
  51  4:08  Spore Crawler  
  54  4:16  Zergling x6  
  56  4:22  Drone x3  
  58  4:27  Extractor, Roach Warren  
  58  4:28  Extractor  
  57  4:32  Drone x3  
  57  4:33  Drone x2  
  57  4:35  Drone  
  57  4:36  Drone x3  
  64  4:44  Queen  
  66  4:46  Drone x3  
  66  4:49  Spore Crawler  
  68  4:58  Overlord  
  68  5:00  Drone x5  
  68  5:03  Spore Crawler  
  68  5:06  Queen  
  74  5:11  Roach  
  74  5:12  Roach x2  
  80  5:15  Roach  
  80  5:20  Roach x4  
  90  5:34  Queen  
  90  5:39  Extractor, Overlord x4  
  89  5:44  Overlord  
  89  5:49  Zergling x2  
  90  5:55  Overlord x2  
  89  5:58  Lair  
  89  5:59  Roach x2  
  89  6:00  Zergling x12  
  89  6:01  Zergling x4  
  89  6:02  Ravager x2  
  89  6:03  Ravager  
  101  6:05  Ravager  
  101  6:07  Ravager  
  101  6:09  Zergling x6  
  103  6:20  Zergling x8  
  106  6:27  Ravager  
  106  6:28  Ravager  
  106  6:30  Zergling x2  
  106  6:31  Zergling x12  
  111  6:41  Zergling x6  
  109  6:59  Roach x4  
  109  7:00  Roach x5  
  120  7:05  Zergling x10, Roach  
  120  7:09  Zergling x2  
  120  7:12  Zergling x2  
  113  7:17  Evolution Chamber, Hydralisk Den  
  113  7:20  Zergling x4  
  106  7:28  Zergling x4  
  103  7:37  Drone x5  
  103  7:45  Drone x6  
  109  7:52  Extractor  
  109  7:53  Drone  
  109  7:54  Zerg Missile Weapons Level 1  
  109  7:55  Grooved Spines  
  109  7:59  Overlord x2  
  109  8:01  Hatchery  
  109  8:04  Drone  
  109  8:05  Drone x5  
  114  8:06  Queen, Extractor  
  114  8:07  Extractor  
  114  8:08  Overseer  
  114  8:13  Ravager x2  
  115  8:22  Ravager  
  115  8:24  Queen x2  
  118  8:30  Drone x8  
  123  8:41  Drone x4  
  122  8:45  Drone x4  
  123  8:48  Overlord  
  123  8:49  Overlord x2  
  123  8:53  Drone  
  123  8:55  Drone, Infestation Pit  
  124  8:59  Extractor, Evolution Chamber  
  122  9:03  Extractor  
  122  9:06  Muscular Augments  
  121  9:18  Hydralisk x12  
  121  9:21  Queen  
  147  9:24  Overlord  
  147  9:28  Zerg Ground Armor Level 1  
  147  9:33  Drone x3, Hive  
  147  9:34  Overlord  
  147  9:36  Zergling x2  
  151  9:41  Glial Reconstitution  
  151  9:42  Overseer  
  151  9:44  Drone  
  151  9:45  Drone x3  
  154  9:59  Lurker Den  
  153  10:01  Hatchery  
  153  10:05  Pneumatized Carapace  
  152  10:09  Extractor x2  
  152  10:12  Hydralisk x8  
  166  10:15  Zerg Missile Weapons Level 2  
  166  10:21  Drone x2  
  168  10:28  Hydralisk  
  168  10:29  Hydralisk x5  
  180  10:37  Drone x4  
  180  10:40  Hydralisk x3  
  179  11:01  Seismic Spines  
  179  11:04  Lurker x4  
  183  11:07  Drone  
  183  11:08  Drone x2  
  183  11:10  Drone  
  183  11:11  Drone x4  
  190  11:12  Spine Crawler x3  
  190  11:13  Spine Crawler  
  190  11:17  Spine Crawler  
  190  11:18  Spine Crawler  
  185  11:22  Lurker x4  
  179  11:53  Lurker x8  
  187  11:58  Adaptive Talons, Hydralisk  
  187  11:59  Hydralisk x4  
  197  12:01  Overseer  
  194  12:25  Lurker x4  
  194  12:35  Hydralisk  
  194  12:36  Hydralisk x5  
  191  12:55  Hydralisk x4  
Show
View Real Time Build Order
Export as new Build Order

Nina Protoss 

Build Orders: 1 Gate Expand, Chargelot Immortal 

Get SALT Encoding   

  12  0:00  Probe  
  13  0:12  Probe  
  14  0:17  Pylon  
  14  0:24  Probe  
  15  0:36  Probe (Chrono Boost)  
  15  0:38  Gateway  
  16  0:46  Assimilator, Probe (Chrono Boost)  
  17  0:51  Probe (Chrono Boost)  
  18  1:03  Probe  
  19  1:15  Probe  
  20  1:23  Nexus  
  20  1:33  Cybernetics Core  
  20  1:36  Probe  
  21  1:48  Assimilator  
  21  1:50  Probe  
  21  1:52  Pylon  
  22  2:02  Probe  
  23  2:10  Adept  
  23  2:14  Probe  
  26  2:20  Stargate  
  26  2:26  Probe (Chrono Boost)  
  26  2:29  Warp Gate  
  28  2:37  Pylon  
  28  2:38  Probe (Chrono Boost)  
  28  2:43  Probe (Chrono Boost)  
  29  2:46  Probe (Chrono Boost)  
  29  2:49  Adept  
  29  2:51  Probe (Chrono Boost)  
  32  2:54  Probe (Chrono Boost)  
  32  2:56  Probe (Chrono Boost)  
  34  3:01  Gateway  
  34  3:02  Probe  
  34  3:06  Void Ray  
  38  3:18  Probe  
  39  3:21  Probe  
  39  3:23  Adept  
  42  3:32  Pylon  
  42  3:35  Probe  
  42  3:40  Probe (Chrono Boost)  
  44  3:48  Probe (Chrono Boost)  
  45  3:49  Pylon  
  45  3:52  Probe (Chrono Boost)  
  46  3:58  Probe (Chrono Boost)  
  46  4:00  Nexus  
  46  4:01  Probe (Chrono Boost)  
  48  4:05  Probe  
  49  4:11  Oracle, Probe  
  52  4:17  Probe  
  52  4:22  Adept x2  
  52  4:23  Probe  
  58  4:28  Assimilator  
  58  4:30  Probe  
  59  4:33  Assimilator  
  59  4:35  Probe  
  59  4:37  Pylon  
  60  4:40  Robotics Facility  
  60  4:42  Probe  
  61  4:47  Probe  
  61  4:49  Pylon  
  62  4:55  Probe  
  62  4:58  Pylon  
  62  4:59  Probe  
  64  5:03  Twilight Council  
  64  5:04  Forge  
  64  5:07  Probe  
  64  5:09  Zealot  
  64  5:11  Probe  
  64  5:12  Probe  
  64  5:13  Shield Battery  
  69  5:17  Sentry  
  69  5:19  Probe  
  72  5:23  Gateway  
  72  5:29  Probe  
  72  5:31  Immortal  
  77  5:35  Probe  
  77  5:37  Protoss Ground Weapons Level 1 (Chrono Boost)  
  77  5:38  Probe x2  
  80  5:43  Probe  
  80  5:44  Sentry  
  80  5:49  Gateway  
  83  5:50  Probe  
  83  5:54  Probe  
  83  5:55  Sentry  
  87  5:58  Gateway  
  87  6:01  Pylon  
  87  6:13  Shield Battery, Immortal (Chrono Boost)  
  87  6:15  Shield Battery  
  87  6:17  Zealot  
  93  6:21  Sentry, Zealot  
  95  6:29  Shield Battery  
  95  6:30  Pylon  
  90  6:40  Sentry  
  90  6:42  Shield Battery  
  92  6:48  Zealot, Immortal (Chrono Boost)  
  92  6:53  Stalker  
  86  7:04  Zealot  
  78  7:10  Zealot  
  78  7:13  Probe  
  69  7:21  Immortal (Chrono Boost)  
  63  7:26  Zealot  
  59  7:32  Zealot  
  59  7:36  Void Ray  
  61  7:40  Probe  
  61  7:41  Probe  
  60  7:45  Charge  
  60  7:46  Sentry  
  60  7:47  Gateway  
  60  7:48  Gateway  
  60  7:50  Shield Battery, Gateway  
  62  7:53  Probe  
  62  7:58  Templar Archives, Immortal (Chrono Boost)  
  67  8:00  Probe  
  67  8:02  Sentry  
  67  8:05  Probe  
  70  8:07  Protoss Ground Weapons Level 2  
  69  8:14  Pylon  
  70  8:24  Pylon  
  70  8:26  Void Ray  
  71  8:41  Zealot x2  
  71  8:47  Immortal (Chrono Boost)  
  71  8:48  Zealot x3  
  77  8:55  Cybernetics Core  
  85  9:10  Nexus  
  85  9:12  Pylon  
  85  9:15  Psionic Storm  
  85  9:18  High Templar  
  85  9:19  High Templar  
  85  9:23  Observer  
  85  9:24  Pylon  
  86  9:25  Pylon  
  86  9:34  High Templar  
  86  9:36  Shield Battery  
  88  9:42  Gateway  
  88  9:45  Gateway  
  88  9:46  Shield Battery  
  88  9:49  Zealot  
  88  9:51  High Templar  
  92  9:55  Immortal (Chrono Boost)  
  97  10:00  Probe  
  97  10:01  Probe  
  98  10:12  Probe  
  98  10:13  High Templar, Probe  
  102  10:20  Gateway  
  102  10:22  Gateway  
  102  10:25  Probe (Chrono Boost)  
  102  10:27  Probe (Chrono Boost)  
  102  10:28  Probe (Chrono Boost)  
  105  10:30  High Templar  
  105  10:35  Zealot  
  109  10:39  Probe (Chrono Boost)  
  109  10:41  High Templar  
  112  10:43  Zealot x2  
  112  10:44  Probe  
  112  10:46  Assimilator  
  112  10:47  Assimilator  
  117  10:50  Immortal (Chrono Boost)  
  121  10:58  Pylon  
  121  11:01  Pylon  
  121  11:16  Gateway x2  
  121  11:23  Photon Cannon  
  121  11:25  High Templar  
  123  11:27  Observer (Chrono Boost)  
  123  11:28  Zealot x3  
  120  11:47  Nexus  
  120  11:49  Zealot  
  120  11:50  Zealot x2  
  126  11:56  Zealot x2  
  130  12:06  Zealot x3  
  136  12:23  Pylon  
  136  12:25  High Templar x2  
  138  12:30  Immortal  
  138  12:33  Pylon, Archon  
  132  12:48  Zealot  
  132  12:49  Zealot x6  
  146  12:51  Zealot  
  146  13:01  Zealot x2  
  102  13:17  Zealot x6  

Tags
 
Add a new tag
Caveats
  • Supply blocks, unpowered buildings, or Contaminate may cause inaccurate times.
  • Supply counts are checked every 10 seconds.